 Dungeon Crawl Stone Soup version 0.31.0-7-gf635a9b802 (webtiles) character file.

Game seed: 6177057348624190460

3741 browni3141 the Grappler (level 9, -5/88 HPs)
             Began as a Troll Enchanter on Jan 23, 2024.
             Was a Priest of Cheibriados.
             Slain by a gnoll bouda
             ... wielding a +0 club
              (7 damage)
             ... on level 8 of the Dungeon.
             The game lasted 00:09:42 (5473 turns).

browni3141 the Grappler (Troll Enchanter)           Turns: 5473, Time: 00:09:43

Health: -5/88      AC:  6    Str: 26    XL:     9   Next: 93%
Magic:  0/10       EV: 10    Int: 17    God:    Cheibriados [***...]
Gold:   125        SH:  0    Dex: 18    Spells: 10/10 levels left

rFire   . .          .
                       - Unarmed
rCold   . . .        (no shield)
rNeg    . . .        b - +0 robe
rPois   +            (helmet restricted)
rElec   .            z - +1 cloak {Will+}
rCorr   .            (gloves unavailable)
SInv    .            (boots unavailable)
Will    +....        O - amulet of guardian spirit
Stlth   ++           Y - ring of flight
HPRegen 1.14/turn    y - ring of poison resistance
MPRegen 0.12/turn

%: guardian spirit
@: flying, very slow
A: large, unfitting armour, claws 3, regeneration 1, shaggy fur 1, tough skin 1
a: Renounce Religion, Bend Time, Temporal Distortion


You were on level 8 of the Dungeon.
You worshipped Cheibriados.
Cheibriados was most pleased with you.
You visited 2 branches of the dungeon, and saw 9 of its levels.

You collected 325 gold pieces.
You spent 200 gold pieces at shops.

Inventory:

Missiles
 A - 4 atropa-tipped darts (quivered)
 J - 13 poisoned darts
 T - 8 boomerangs
Armour
 b - a +0 robe (worn)
 z - a +1 cloak of willpower (worn)
 Z - a +2 cloak
Magical Staves
 B - a staff of air
Jewellery
 x - a ring of protection from cold
 y - a ring of poison resistance (right claw)
 H - a ring of protection from fire
 O - an amulet of guardian spirit (around neck)
 Y - a ring of flight (left claw)
Scrolls
 j - 3 scrolls of vulnerability {unknown}
 w - a scroll of summoning {unknown}
 C - a scroll of brand weapon {unknown}
 D - a scroll of noise {unknown}
 M - 2 scrolls of enchant weapon {unknown}
 N - 3 scrolls of teleportation {unknown}
 P - 3 scrolls of fear {unknown}
 R - a scroll of acquirement {unknown}
 V - 6 scrolls of identify {unknown}
 W - 2 scrolls of amnesia {unknown}
Potions
 i - 2 potions of invisibility
 v - a potion of magic {unknown}
 E - a potion of lignification {unknown}
 F - 2 potions of mutation {unknown}
 G - a potion of cancellation {unknown}
 I - a potion of ambrosia {unknown}
 K - 4 potions of heal wounds {unknown}
 L - 4 potions of curing {unknown}
 Q - a potion of degeneration {unknown}
 S - a potion of enlightenment {unknown}
 U - a potion of attraction {unknown}
 X - a potion of brilliance {unknown}


   Skills:
 - Level 5.0 Fighting
 - Level 0.7 Short Blades
 - Level 1.5 Dodging
 - Level 1.5 Stealth
 * Level 12.3 Unarmed Combat
 - Level 1.2 Spellcasting
 - Level 2.0 Hexes
 - Level 3.0 Invocations


You had 10 spell levels left.
You didn't know any spells.
Your spell library contained the following spells:

 Spells                   Type           Power      Damage    Failure   Level
 Freeze                   Ice            4%         1d3       22%         1
 Ensorcelled Hibernation  Hex/Ice        8%         N/A       22%         2
 Confusing Touch          Hex            7%         N/A       28%         3
 Tukima's Dance           Hex            7%         N/A       28%         3
 Dazzling Flash           Conj/Hex       8%         N/A       38%         3
 Frozen Ramparts          Ice            2%         1d1       54%         3
 Hailstorm                Conj/Ice       1%         3d5       54%         3


Dungeon Overview and Level Annotations

Branches:
Dungeon (8/15)             Temple (1/1) D:4
   Lair: D:8-11

Altars:
Ashenzari
Cheibriados
Dithmenos
Elyvilon
Fedhas
Gozag
Hepliaklqana
Makhleb
Nemelex Xobeh
Okawaru
Ru
Sif Muna
Trog
Uskayaw
Vehumet
Wu Jian
Xom
Yredelemnul
Zin
The Shining One

Shops:
D:7 ==*(   D:8 [

Annotations:
D:6 1 runed translucent door


Innate Abilities, Weirdness & Mutations

You are too large for most types of armour.
You have claws for hands.
Your natural rate of healing is unusually fast.
You are covered in fur. (AC +1)
You have tough skin. (AC +1)


Message History

Cheibriados appreciates the change of pace.
The gnoll hits you from afar with a +0 spear.
You scratch the gnoll.
The gnoll is moderately wounded.
The gnoll bouda barks out a call to the hunt!
The gnolls pick up the pace!
The gnoll closely misses you.
You scratch the gnoll.
The gnoll is heavily wounded.
The gnoll barely misses you. The gnoll misses you.
The gnoll hits you but does no damage.
You barely miss the gnoll.
The gnoll is heavily wounded.
The orc hits you with a +0 club. The gnoll barely misses you.
The gnoll hits you from afar with a +0 spear.
You claw the wyvern!
The wyvern is heavily wounded.
The wyvern bites you! The orc hits you but does no damage.
The gnoll hits you from afar with a +0 halberd.
You mangle the wyvern!!
You kill the wyvern!
Cheibriados appreciates the change of pace.
The gnoll bouda gazes fiercely through you!
You feel your attacks grow feeble.
The gnoll hits you with a +0 heavy flail.
The gnoll barely misses you.
You barely miss the gnoll.
The gnoll is heavily wounded.
The orc hits you but does no damage. The gnoll misses you.
The gnoll closely misses you. The orc hits you but does no damage.
You claw the gnoll!
You kill the gnoll!
Cheibriados appreciates the change of pace.
The orc hits you with a +0 club. The gnoll closely misses you.
You closely miss the orc.
The gnoll hits you from afar with a +0 spear.
The orc hits you but does no damage. The orc closely misses you.
An orc wizard comes into view. It is wielding a +0 dagger.
The gnoll closely misses you. The orc hits you but does no damage.
You barely miss the orc.
The orc wizard shouts!
Your claw misses the orc. The gnoll hits you but does no damage.
The orc hits you but does no damage. The orc hits you with a +0 club.
You claw the orc!
You kill the orc!
Cheibriados appreciates the change of pace.
The orc hits you but does no damage.
The gnoll hits you from afar with a +0 halberd!
The gnoll hits you but does no damage. The orc barely misses you.
You claw the orc!
You kill the orc!
Cheibriados appreciates the change of pace.
You can now warp the flow of time around you.
An orc priest comes into view. It is wielding a +0 hand axe.
The orc hits you with a +0 dagger.
The gnoll hits you from afar with a +0 halberd.
The gnoll hits you from afar with a +0 spear.
The orc priest shouts!
You scratch the orc.
The orc is almost dead.
The orc priest invokes the aid of Beogh against you.
Beogh smites you!
* * * LOW HITPOINT WARNING * * *
The orc wizard casts a spell.
The orc wizard flickers and vanishes!
Deactivating autopickup; reactivate with Ctrl-A.
The gnoll hits you but does no damage. The orc completely misses you.
You closely miss the orc.
The orc is almost dead.
Your attacks no longer feel as feeble.
The gnoll hits you from afar with a +0 spear.
* * * LOW HITPOINT WARNING * * *
The orc hits you with a +0 dagger.
* * * LOW HITPOINT WARNING * * *
The gnoll closely misses you.
You mangle the orc!!
You kill the orc!
Cheibriados appreciates the change of pace.
The gnoll closely misses you.
Okay, then.
Throw: 5 darts (atropa)
Press: ? - help, Q - select action, (/) - cycle Shift-Dir - straight line, f - gnoll
Aim: a gnoll, wielding a +0 halberd (covering ground quickly, 64% to hit, chance to blind on hit: 100%)
You throw an atropa-tipped dart.
The atropa-tipped dart barely misses the gnoll.
The orc priest looks braver for a moment.
The gnoll hits you from afar with a +0 halberd.
* * * LOW HITPOINT WARNING * * *
The gnoll hits you but does no damage.
The gnoll hits you from afar with a +0 halberd!
* * * LOW HITPOINT WARNING * * *
The gnoll bouda barely misses you.
You hear some strange, mumbled words.
A puff of flame appears from out of thin air!
The puff of flame hits you.
* * * LOW HITPOINT WARNING * * *
The gnoll hits you from afar with a +0 halberd!
* * * LOW HITPOINT WARNING * * *
The gnoll bouda hits you with a +0 club!
You die...

..<.∩.> ##............
#........
##)##...####..
#....8..####.......# ##
....................##
...............#.....#
# #.............#.....#
..##..#..............##
...........$...##.....#
#.........@)#..#.....#
.#.......{g#.#......###
......)...g)##..#...#
#.......o.g.##......#
......!.##### #.....
..#..(.## ##. . ##...
####


You could see a gnoll bouda, an orc priest and 2 gnolls.

Vanquished Creatures
  A two-headed ogre (D:6)
  A troll (D:6)
  A wraith (D:6)
  A wyvern (D:8)
  A water moccasin (D:6)
  2 black bears
  3 orc warriors
  2 ice beasts
  3 ogres (D:6)
  A phantom (D:5)
  3 bullfrogs
  5 scorpions
  2 howler monkeys
  A crimson imp (D:7)
  2 hounds
  2 jellies
  Crazy Yiuf (D:2)
  2 gnoll boudas
  3 orc priests
  4 iguanas
  A sleepcap (D:6)
  6 orc wizards
  Natasha (thrice) (D:2)
  15 gnolls
  4 adders
  A shadow imp (D:5)
  A white imp (D:7)
  2 ufetubi (D:5)
  2 dart slugs (D:1)
  A ribbon worm (D:2)
  18 orcs
  2 bats
  8 endoplasms
  A giant cockroach (D:2)
  4 goblins
  7 hobgoblins
  4 jackals (D:5)
  4 quokkas
  4 ball pythons
  2 frilled lizards (D:4)
  3 goblin skeletons (D:7)
  2 goblin zombies (D:7)
  2 hobgoblin zombies (D:7)
  2 jackal zombies (D:6)
  9 kobolds
  A kobold skeleton (D:7)
  2 kobold zombies (D:7)
  6 rats
158 creatures vanquished.

Notes
Turn   | Place    | Note
-------+----------+-------------------------------------------
     0 | D:1      | browni3141 the Troll Enchanter began the quest for the Orb.
     0 | D:1      | Reached XP level 1. HP: 16/16 MP: 1/1
   115 | D:1      | Reached skill level 1 in Unarmed Combat
   133 | D:1      | Reached XP level 2. HP: 23/26 MP: 2/2
   663 | D:2      | Reached skill level 2 in Unarmed Combat
   696 | D:2      | Noticed Natasha
   701 | D:2      | Killed Natasha
   702 | D:2      | Reached XP level 3. HP: 26/33 MP: 3/3
   794 | D:2      | Found a faded altar of an unknown god.
   879 | D:2      | Noticed Natasha
   885 | D:2      | Killed Natasha
   886 | D:2      | Reached skill level 3 in Unarmed Combat
   886 | D:2      | Reached XP level 4. HP: 41/42 MP: 4/4
  1118 | D:2      | Found a burning altar of Makhleb.
  1156 | D:2      | Noticed Natasha
  1165 | D:2      | Killed Natasha
  1427 | D:2      | Found a runed translucent door.
  1428 | D:2      | Noticed Crazy Yiuf
  1437 | D:2      | Killed Crazy Yiuf
  1438 | D:2      | Reached XP level 5. HP: 32/49 MP: 1/5
  1447 | D:2      | Identified the +1 hammer of Fufuenic {spect, Int+5}
  1580 | D:3      | Reached skill level 4 in Unarmed Combat
  1971 | D:4      | Identified the +0 flail of Purhurhu {flame, Int+3 Dex+3
                  | Stlth+}
  2103 | D:4      | Reached XP level 6. HP: 48/59 MP: 3/6
  2258 | D:4      | Reached skill level 5 in Unarmed Combat
  2276 | D:4      | Reached skill level 3 in Fighting
  2347 | D:4      | Found a staircase to the Ecumenical Temple.
  2515 | D:4      | Reached skill level 6 in Unarmed Combat
  2515 | D:4      | Reached XP level 7. HP: 56/67 MP: 5/7
  2539 | Temple   | Entered the Ecumenical Temple
  2545 | Temple   | Became a worshipper of Cheibriados the Contemplative
  2696 | D:4      | Found a bloodstained altar of Trog.
  2809 | D:5      | Entered Level 5 of the Dungeon
  2842 | D:5      | Found an iron altar of Okawaru.
  3082 | D:5      | Reached skill level 7 in Unarmed Combat
  3115 | D:5      | Found a hazy altar of Hepliaklqana.
  3486 | D:6      | Reached * piety under Cheibriados
  3487 | D:6      | Reached XP level 8. HP: 78/78 MP: 8/8
  3648 | D:6      | Reached skill level 8 in Unarmed Combat
  3845 | D:6      | Reached skill level 3 in Invocations
  4221 | D:6      | Reached ** piety under Cheibriados
  4226 | D:6      | Reached skill level 9 in Unarmed Combat
  4241 | D:6      | Found a runed translucent door.
  4249 | D:6      | Found a basalt altar of Yredelemnul.
  4398 | D:6      | Noticed a two-headed ogre
  4407 | D:6      | Reached XP level 9. HP: 88/88 MP: 10/10
  4418 | D:6      | Noticed a troll
  4425 | D:6      | Killed a troll
  4426 | D:6      | Reached skill level 10 in Unarmed Combat
  4433 | D:6      | Killed a two-headed ogre
  4434 | D:6      | Reached skill level 11 in Unarmed Combat
  4514 | D:6      | Identified the +5 ring mail "Rinut" {Harm rF- rN++ Will+++}
  4716 | D:7      | Found Zaatav's Jewellery Shop.
  4716 | D:7      | Found Pamp's Assorted Antiques.
  4718 | D:7      | Found Qeluas's Jewellery Shop.
  4724 | D:7      | Bought a ring of poison resistance for 200 gold pieces
  4874 | D:7      | Found Ogipp's Weapon Shoppe.
  4928 | D:7      | Found a glowing golden altar of the Shining One.
  5437 | D:8      | Found Cadecu's Armour Shop.
  5445 | D:8      | Reached skill level 12 in Unarmed Combat
  5468 | D:8      | Reached *** piety under Cheibriados
  5473 | D:8      | HP: 2/88 [gnoll/+0 halberd[a gnoll bouda] (13)]
  5473 | D:8      | Slain by a gnoll bouda

Illustrated notes

Levels and vault maps discovered:
D:1:      eino_arrival_cavern_e, layout_loops_cross, minmay_tall_x
D:2:      layout_basic, basic_altar, shapermc_ecumenical_altar_venn,
          uniq_crazy_yiuf_cottage, uniq_natasha
D:3:      layout_rooms
D:4:      minmay_evil_eye, layout_cave_pools, trog_butcher_becter,
          minmay_temple_entry_enclosed_plants
D:5:      layout_basic, mainiacjoe_overflow_cross_hatched,
          nzn_hepliaklqana_mist_gate
D:6:      minmay_chambers_of_sixes, layout_loops_ring, dk_yredelemnul_ordeal
D:7:      layout_basic, nicolae_tso_besieged_by_evil, serial_shops,
          nicolae_shop_bloodbath_and_beyond, minmay_misc_feat_roman,
          hangedman_decor_opposing, nicolae_shop_distant_corner_stores
D:8:      layout_cave_pools, mainiacjoe_overflow_brackets, serial_shops,
          nicolae_stop_n_shop_2
Temple:   eino_narrow_crystal_temple

Skill      XL: |  1  2  3  4  5  6  7  8  9 |
---------------+----------------------------+-----
Unarmed Combat | 1 2 3 4 6 7 9 12 | 12.3
Fighting       | 1 2 3 4 5 |  5.0
Invocations    | 3 |  3.0
Short Blades   | |  0.7
Dodging        | |  1.5
Stealth        | |  1.5
Spellcasting   | |  1.2
Hexes          | |  2.0

Action                     |  1- 3 |  4- 6 |  7- 9 || total
---------------------------+-------+-------+-------++-------
  Melee: Unarmed           |    70 |   145 |   240 ||   455
         Punch             |       |     3 |    10 ||    13
  Throw: Dart              |       |       |     8 ||     8
 Invoke: Bend Time         |       |       |     1 ||     1
   Stab: Sleeping          |     2 |     3 |     3 ||     8
 Armour: Robe              |    58 |   125 |   205 ||   388
  Dodge: Dodged            |    31 |    46 |   108 ||   185
